 Dungeon Crawl Stone Soup version 0.27.0-1-g7a089689b8 (webtiles) character file.

Game seed: 7452596774491286352

188 MajorAdolf the Sneak (level 5, -6/50 HPs)
             Began as a Naga Wanderer on Aug 17, 2021.
             Mangled by Blork the orc (10 damage)
             ... on level 3 of the Dungeon.
             The game lasted 00:04:35 (3276 turns).

MajorAdolf the Sneak (Naga Wanderer)                Turns: 3276, Time: 00:04:36

Health: -6/50      AC:  5    Str: 12    XL:     5   Next: 67%
Magic:  5/5        EV:  9    Int: 17    God:
Gold:   167        SH:  0    Dex:  9    Spells: 4/4 levels left

rFire    . . .     SeeInvis +   a - +2 spear
rCold    . . .     Faith    .   (no shield)
rNeg     . . .     Spirit   .   d - +0 robe
rPois    +         Reflect  .   (no helmet)
rElec    .         Harm     .   (no cloak)
rCorr    .         Rampage  .   o - +2 pair of gloves
Will     .....                  (no barding)
Stlth    +++.......             (no amulet)
HPRegen  0.16/turn              (no ring)
MPRegen  0.09/turn              (no ring)

@: short of breath, very slow
A: AC +1, large, see invisible, deformed body, poison resistance, slowness 2,
spit poison 1, naga tail 1
a: Spit Poison


You were on level 3 of the Dungeon.
You visited 1 branch of the dungeon, and saw 4 of its levels.

You collected 167 gold pieces.

Inventory:

Hand Weapons
 a - a +2 spear (weapon)
 e - a +0 dagger
 i - a +1 dagger of holy wrath
Armour
 d - a +0 robe (worn)
 o - a +2 pair of gloves (worn)
Jewellery
 m - a ring of magical power
Scrolls
 c - 3 scrolls of teleportation
 g - 4 scrolls of identify {unknown}
 h - 2 scrolls of summoning {unknown}
 j - a scroll of vulnerability {unknown}
 k - 2 scrolls of immolation {unknown}
 p - a scroll of holy word {unknown}
 q - a scroll of fog {unknown}
 r - a scroll of noise {unknown}
 t - a scroll of blinking {unknown}
Potions
 b - 3 potions of curing
 f - a potion of brilliance {unknown}
 l - a potion of degeneration {unknown}
 n - a potion of flight {unknown}
 s - a potion of mutation {unknown}
 u - a potion of haste {unknown}
 v - a potion of heal wounds {unknown}


   Skills:
 + Level 4.3 Fighting
 + Level 3.0(3.1) Polearms
 - Level 1.0(2.1) Staves
 - Level 1.5 Dodging
 + Level 6.5 Stealth


You had 4 spell levels left.
You didn't know any spells.
Your spell library contained the following spells:

 Spells                   Type           Power      Damage    Failure   Level
 Ignite Poison            Fire/Tmut/Pois 0%         N/A       56%         3
 Mephitic Cloud           Conj/Pois/Air  0%         N/A       56%         3
 Bolt of Magma            Conj/Fire/Erth 0%         4d4       100%        5


Dungeon Overview and Level Annotations

Branches:
Dungeon (4/15)
 Temple: D:4-7

Altars:

Shops:
D:3 (

Annotations:
D:3 Blork the orc, Grinder


Innate Abilities, Weirdness & Mutations

Your serpentine skin is tough. (AC +1)
You have supernaturally acute eyesight. (SInv)
Armour fits poorly on your strangely shaped body.
Your system is resistant to poisons. (rPois)
You cover ground very slowly.
You can spit poison.
You have a snake-like lower body.


Message History

Blork the orc gestures at you while chanting.
The puff of flame hits you.
Blork the orc hits you but does no damage.
You climb upwards.
Level annotation: Grinder
There is a stone staircase leading down here.
Press: ? - help, Shift-Dir - straight line, f - Blork the orc
Aim: Blork the orc, wielding a +0 scimitar of protection and wearing a +0 robe (moderately wounded, fast)
The splash of poison hits Blork the orc.
Blork the orc is heavily wounded.
Blork the orc hits you with a +0 scimitar of protection.
Unknown command.
You hit Blork the orc but do no damage.
Blork the orc is heavily wounded.
Blork the orc hits you with a +0 scimitar of protection.
Blork the orc casts a spell at you. The puff of frost hits you.
* * * LOW HITPOINT WARNING * * *
Unknown command.
Okay, then.
Unknown command.
You hit Blork the orc but do no damage.
Blork the orc is heavily wounded.
Blork the orc hits you with a +0 scimitar of protection.
* * * LOW HITPOINT WARNING * * *
Unknown command.
You hit Blork the orc but do no damage.
Blork the orc is heavily wounded.
You have got your breath back.
Blork the orc points at you and mumbles some strange words.
The magic dart hits you.
* * * LOW HITPOINT WARNING * * *
Unknown command.
Press: ? - help, Shift-Dir - straight line, f/p - Blork the orc
Aim: Blork the orc, wielding a +0 scimitar of protection and wearing a +0 robe (heavily wounded, fast)
The splash of poison hits Blork the orc.
Blork the orc is poisoned.
Blork the orc is heavily wounded.
Blork the orc hits you with a +0 scimitar of protection!
You die...

.............#######.............
....(#######...........(.........
#...## ######..#.>.....####.#
##.## #..#..###### #.#
#.##############..#..# #######.#
#.#..................###...##...
#.#.#######...................<.
#.#.# ###.###..#...###...##...
#.#.#####......@o............<.#
#.#.........###.##......######..
#.#..#####..###.##..###...# #[#
#....# #................####.#
##...## ##.###.##.............#
#....#####..##.##.####..#######
#.................# #..##.....
###..............#### #..#.<.###
#.........##...### #.........


You could see Blork the orc (fast, poisoned).

Vanquished Creatures
  A water moccasin skeleton (D:4)
  Terence (D:3)
  An iguana (D:4)
  2 adders (D:2)
  A worm (D:2)
  A dart slug (D:2)
  2 ball pythons
  6 bats
  6 endoplasms (D:1)
  2 giant cockroaches
  2 goblins
  9 hobgoblins
  12 jackals
  12 kobolds
  3 quokkas
  3 frilled lizards
  2 rats (D:2)
66 creatures vanquished.

Vanquished Creatures (others)
  A plant (D:3)
1 creature vanquished.

Grand Total: 67 creatures vanquished

Notes
Turn   | Place    | Note
-------+----------+-------------------------------------------
     0 | D:1      | MajorAdolf the Naga Wanderer began the quest for the Orb.
     0 | D:1      | MajorAdolf set off with the following items: a +2 spear, a
                  | potion of curing, a scroll of teleportation, a +0 robe, a
                  | +0 dagger
     0 | D:1      | Reached XP level 1. HP: 21/21 MP: 1/1
    97 | D:1      | Reached XP level 2. HP: 28/28 MP: 2/2
   461 | D:1      | Reached skill level 5 in Stealth
   621 | D:1      | Reached XP level 3. HP: 17/34 MP: 3/3
  1650 | D:2      | Reached XP level 4. HP: 41/44 MP: 4/4
  2281 | D:3      | Noticed Terence
  2297 | D:3      | Killed Terence
  2298 | D:3      | Reached skill level 6 in Stealth
  2357 | D:3      | Found Xeidiu's Antique Weapon Shoppe.
  2748 | D:3      | Reached XP level 5. HP: 48/50 MP: 5/5
  2775 | D:3      | Found a faded altar of an unknown god.
  2885 | D:4      | Noticed Grinder
  3006 | D:4      | Paralysed by Grinder for 4 turns
  3261 | D:4      | Noticed Blork the orc
  3276 | D:3      | Mangled by Blork the orc

Illustrated notes

Levels and vault maps discovered:
D:1:      minmay_arrival_stone_box, layout_basic, minivault_5,
          chequers_serial_rivers_large_a, minmay_tromino_v4_c
D:2:      layout_basic
D:3:      layout_loops_ring, shapermc_ecumenical_altar_hornbeckon, serial_shops,
          nicolae_shop_overgrown_old_shop, uniq_terence
D:4:      layout_basic, minmay_temple_entry_purple_smoke, uniq_ijyb,
          uniq_blork_the_orc, uniq_grinder

Skill      XL: |  1  2  3  4  5 |
---------------+----------------+-----
Stealth        | 5 6 |  6.5
Polearms       | 2 3 |  3.0
Fighting       | 4 |  4.3
Staves         | |  1.0
Dodging        | |  1.5

Action                   |  1- 3 |  4- 6 || total
-------------------------+-------+-------++-------
Melee: Spear             |   116 |    66 ||   182
 Abil: Spit Poison       |    11 |    19 ||    30
  Use: Scroll            |       |     1 ||     1
 Stab: Sleeping          |     8 |     5 ||    13
Armor: Robe              |    28 |    20 ||    48
Dodge: Dodged            |    47 |    26 ||    73
